 Dungeon Crawl Stone Soup version 0.16-a0-4099-g0be755f (webtiles) character file.

22651 timbw the Cleaver (level 12, -4/92 HPs)
             Began as a Vampire Fighter on Feb 26, 2015.
             Was the Champion of Makhleb.
             Slain by a death yak (21 damage)
             ... on level 8 of the Lair of Beasts.
             The game lasted 00:41:10 (9542 turns).

timbw the Cleaver (Vampire Fighter)                 Turns: 9542, Time: 00:41:12

Health: -4/92      AC: 19    Str: 19    XL:     12   Next: 64%
Magic:  21/21      EV: 10    Int: 10    God:    Makhleb [******]
Gold:   623        SH:  0    Dex: 13    Spells: 0 memorised, 11 levels left

rFire  . . .     SeeInvis +     j - +5 broad axe (venom)
rCold  . . .     Clarity  .     W - +0 plate armour
rNeg   + . .     SustAb   .     (no shield)
rPois  +         Gourm    .     k - +2 hat
rElec  .         Spirit   .     M - +2 cloak
rCorr  .         Warding  .     (no gloves)
rMut   .         Stasis   .     (no boots)
MR     ++...                    w - amulet of faith
Stlth  ..........               n - ring of poison resistance
                                U - +4 ring of evasion

@: very resistant to hostile enchantments, extremely unstealthy
A: bottle blood, fangs 3, talons 1, molten scales 1, see invisible, magic
resistance 1, unbreathing, no device heal 1
a: Bat Form, Minor Destruction, Lesser Servant of Makhleb, Major Destruction,
Greater Servant of Makhleb, Renounce Religion


You were on level 8 of the Lair of Beasts.
You worshipped Makhleb.
Makhleb was exalted by your worship.
You were not thirsty.

You visited 4 branches of the dungeon, and saw 19 of its levels.
You also visited: Sewer and Ice Cave.

You collected 641 gold pieces.

Inventory:

Hand weapons
 a - a +0 war axe
 c - a +2 battleaxe of protection
 j - a +5 broad axe of venom (weapon)
 C - a +0 blowgun
Missiles
 m - 31 poisoned needles
 x - 2 tomahawks (quivered)
 F - 3 poisoned javelins
 J - 3 javelins
Armour
 b - a +0 scale mail
 k - a +2 hat (worn)
 o - a +1 cloak
 H - a +0 chain mail
 M - a +2 cloak (worn)
 W - a +0 plate armour (worn)
Jewellery
 g - an uncursed ring of invisibility
 n - a ring of poison resistance (right hand)
 w - an amulet of faith (around neck)
 y - an uncursed amulet of warding
 K - an uncursed ring of fire
 L - a +4 ring of dexterity
 O - an uncursed ring of protection from cold
 S - a +6 ring of intelligence
 U - a +4 ring of evasion (left hand)
 Y - an uncursed ring of positive energy
Magical devices
 f - a wand of draining (1)
 h - a wand of frost (12)
 z - a wand of frost (44)
 A - a wand of frost (20)
 I - a wand of paralysis (0)
 R - a wand of random effects (9)
 T - a wand of lightning (9)
Scrolls
 p - 3 scrolls of noise
 s - 4 scrolls of remove curse
 u - 2 scrolls of recharging
 B - 4 scrolls of fog
 G - 3 scrolls of identify
 Q - 2 scrolls of teleportation
 V - a scroll of blinking
Potions
 e - 2 potions of heal wounds
 l - a potion of agility
 q - 2 potions of brilliance
 r - 2 potions of flight
 v - 3 potions of resistance
 D - a potion of restore abilities
 E - a potion of ambrosia
 N - a potion of lignification
 P - a potion of magic
 X - 2 potions of poison {unknown}
 Z - a potion of haste {unknown}
Books
 d - a book of Party Tricks

   Spells                             Type                      Level
   a - Summon Butterflies             Summoning                    1
   b - Apportation                    Translocation                1
   c - Tukima's Dance                 Hexes                        3
   d - Alistair's Intoxication        Transmutation/Poison         4
   e - Invisibility                   Hexes                        6
 t - a book of the Warp

   Spells                             Type                      Level
   a - Recall                         Summoning/Translocation      3
   b - Control Teleport               Charms/Translocation         4
   c - Force Lance                    Conjuration/Translocation    4
   d - Phase Shift                    Translocation                5
   e - Warp Weapon                    Charms/Translocation         5
   f - Gell's Gravitas                Hexes/Translocation          5
   g - Summon Forest                  Summoning/Translocation      5


   Skills:
 + Level 7.7 Fighting
 * Level 14.6 Axes
 + Level 6.6 Armour
   Level 2.6 Shields
 - Level 5.2 Invocations
 - Level 6.1 Evocations


You had 11 spell levels left.
You didn't know any spells.

Dungeon Overview and Level Annotations

Branches:
Dungeon (9/15)             Temple (1/1) D:5            Lair (8/8) D:8
  Snake (1/5) Lair:5        Slime (0/6) Lair:6
  Swamp: Lair:3-6    Shoals: Lair:3-6       Orc: D:9-12

Altars:
Ashenzari
Dithmenos
Elyvilon
Fedhas
Gozag
Kikubaaqudgha
Makhleb
Nemelex Xobeh
Qazlal
Ru
Trog
The Shining One
Jiyva

Annotations:
Lair:1 Nergalle
Lair:7 McCoppin's ghost, powerful TrMo


Innate Abilities, Weirdness & Mutations

You can bottle blood from corpses.
You have razor-sharp teeth.
You have supernaturally acute eyesight.
You can survive without breathing.
You have sharp toenails.
You are partially covered in molten scales (AC +1).
You are resistant to hostile enchantments.
Potions and wands are less effective at restoring your health.


Message History

You bite the death yak, but do no damage.
The death yak is moderately wounded.
You hit the death yak.
You bite the death yak, but do no damage.
The death yak is moderately wounded.
The death yak gores you!
You hit the death yak but do no damage.
The death yak is moderately wounded.
You slash the death yak!
You bite the death yak, but do no damage.
The death yak is heavily wounded.
The death yak gores you!
* * * LOW HITPOINT WARNING * * *
You barely miss the death yak.
You claw the death yak, but do no damage.
You bite the death yak, but do no damage.
The death yak is heavily wounded.
The death yak is no longer moving slowly.
The death yak gores you!!
You die...

##.................
#.................(
##.......#..,,......
#.....##.#*,,,,.....
###..#)###****,...#.
#..##.#*#*,P.....#
#..#.#..PPP......#
##..P.P....,.......
#.@.PPP....,,......
#.Y.PP...#P,*,....*
#.(..##.##*,###..,,
#....##.#**##...###
##(......###..<....
**...........#......
**,.......(.....#÷#..
*,*.............÷.###
**,#(.,.......P....##


You could see a death yak.

Vanquished Creatures
  3 death yaks (Lair:8)
  Pikel (D:6)
  A griffon (Lair:8)
  3 elephants (Lair:7)
  4 black mambas
  8 spiny frogs
  A queen ant (Lair:5)
  A torpor snail (Lair:4)
  6 komodo dragons
  A blue devil (IceCv)
  A polar bear (Lair:6)
  3 hippogriffs
  2 hungry ghosts (D:7)
  8 yaks
  15 wolves
  20 soldier ants (Lair:5)
  7 water moccasins
  4 ice beasts
  3 nagas
  7 porcupines
  2 black bears
  An orc warrior (D:6)
  3 ogres
  2 boring beetles
  4 centaurs
  4 crocodiles
  2 big kobolds
  Blork the orc (D:7)
  6 giant frogs
  A scorpion (D:7)
  6 killer bees (D:7)
  2 electric eels (Lair:4)
  A crimson imp (D:7)
  8 hounds
  A gnoll shaman (D:4)
  9 iguanas
  3 orc priests
  A jelly (D:9)
  21 worker ants
  5 orc wizards
  15 sheep
  2 killer bee zombies
  Ijyb (D:5)
  4 adders
  9 gnolls
  40 river rats
  12 white imps (Lair:2)
  2 adder skeletons
  4 giant geckos
  20 orcs
  2 ball pythons
  A bat skeleton (D:6)
  A bat zombie (D:6)
  A giant cockroach (D:5)
  7 hobgoblins
  4 quokkas
  7 bats
  3 giant newts
  A giant spore (D:8)
  8 goblins
  7 kobolds
  24 rats
  2 ballistomycetes (D:8)
359 creatures vanquished.

Vanquished Creatures (collateral kills)
  A death yak (Lair:8)
  A spiny frog (Lair:8)
  A komodo dragon (Lair:8)
  3 nagas (Lair:5)
  A water moccasin (Lair:8)
  An adder (Lair:5)
8 creatures vanquished.

Vanquished Creatures (others)
  An orange demon (Lair:8)
  A hellwing (Lair:6)
  A slave (D:7)
  A giant frog (Lair:5)
  A giant cockroach (D:6)
  A giant spore (D:8)
  4 fungi
10 creatures vanquished.

Grand Total: 377 creatures vanquished

Notes
Turn   | Place    | Note
--------------------------------------------------------------
     0 | D:1      | timbw, the Vampire Fighter, began the quest for the Orb.
     0 | D:1      | Reached XP level 1. HP: 17/17 MP: 1/1
   149 | D:2      | Reached XP level 2. HP: 23/23 MP: 2/2
   284 | D:3      | Reached skill level 3 in Axes
   291 | D:3      | Reached XP level 3. HP: 25/28 MP: 3/3
   493 | D:4      | Reached skill level 4 in Axes
   493 | D:4      | Reached XP level 4. HP: 26/34 MP: 4/4
   562 | D:4      | Found a glowing golden altar of the Shining One.
   627 | D:4      | Reached XP level 5. HP: 37/39 MP: 5/5
   656 | D:4      | Reached skill level 5 in Axes
   808 | D:4      | Reached XP level 6. HP: 21/46 MP: 6/6
   824 | D:5      | Entered Level 5 of the Dungeon
   824 | D:5      | Noticed Ijyb
   825 | D:5      | Reached skill level 6 in Axes
   841 | D:5      | Killed Ijyb
  1025 | D:4      | Noticed an ogre
  1038 | D:4      | Killed an ogre
  1405 | D:5      | Reached skill level 7 in Axes
  1405 | D:5      | Reached XP level 7. HP: 45/51 MP: 7/7
  1532 | D:5      | Found a shattered altar of Ashenzari.
  1696 | D:5      | Found a white marble altar of Elyvilon.
  1825 | D:6      | Noticed Pikel
  1846 | D:6      | Killed Pikel
  1846 | D:6      | Reached skill level 9 in Axes
  1846 | D:6      | Reached XP level 8. HP: 25/57 MP: 6/8
  1861 | D:6      | Found a glowing drain.
  1877 | Sewer    | Entered a sewer
  1961 | Sewer    | Found a white marble altar of Elyvilon.
  2001 | D:6      | Found an ancient bone altar of Kikubaaqudgha.
  2041 | D:6      | Found a blossoming altar of Fedhas.
  2268 | D:6      | Found a shadowy altar of Dithmenos.
  2365 | D:6      | Found an opulent altar of Gozag.
  2509 | D:7      | Found an ancient bone altar of Kikubaaqudgha.
  2638 | D:7      | Reached skill level 10 in Axes
  3039 | D:7      | Reached XP level 9. HP: 52/62 MP: 9/9
  3071 | D:7      | Noticed Blork the orc
  3080 | D:7      | Killed Blork the orc
  3112 | D:7      | Found a bloodstained altar of Trog.
  3117 | D:7      | Reached skill level 11 in Axes
  3977 | D:5      | Found a staircase to the Ecumenical Temple.
  3983 | Temple   | Entered the Ecumenical Temple
  4011 | Temple   | Became a worshipper of Makhleb the Destroyer
  4511 | D:8      | Acquired Makhleb's first power
  4559 | D:8      | Noticed a komodo dragon
  4574 | D:8      | Killed a komodo dragon
  4600 | D:8      | Noticed a komodo dragon
  4652 | D:8      | Killed a komodo dragon
  4652 | D:8      | Reached skill level 12 in Axes
  4801 | D:8      | Found a staircase to the Lair.
  4806 | Lair:1   | Entered Level 1 of the Lair of Beasts
  4891 | Lair:1   | Noticed Nergalle
  4945 | Lair:1   | Noticed a spectral orc warlord
  5069 | Lair:2   | Found a frozen archway.
  5097 | Lair:2   | Acquired Makhleb's second power
  5112 | Lair:2   | Reached skill level 1 in Evocations
  5300 | Lair:2   | Reached skill level 1 in Invocations
  5300 | Lair:2   | Reached XP level 10. HP: 68/71 MP: 11/11
  5399 | IceCv    | Entered an ice cave
  5559 | IceCv    | Noticed an ice statue
  5559 | IceCv    | Noticed an ice statue
  5595 | IceCv    | Noticed an ice statue
  5774 | IceCv    | Noticed an ice statue
  5785 | IceCv    | Noticed a necromancer
  5853 | Lair:3   | Noticed a black mamba
  5866 | Lair:3   | Killed a black mamba
  6178 | Lair:2   | Noticed a komodo dragon
  6178 | Lair:2   | Noticed a spiny frog
  6192 | Lair:2   | Killed a spiny frog
  6205 | Lair:2   | Killed a komodo dragon
  6205 | Lair:2   | Acquired Makhleb's third power
  6369 | Lair:2   | Reached skill level 5 in Fighting
  6439 | Lair:1   | Noticed a spiny frog
  6446 | Lair:1   | Killed a spiny frog
  6658 | Lair:3   | Reached XP level 11. HP: 75/80 MP: 17/17
  6666 | Lair:3   | Reached skill level 13 in Axes
  6670 | Lair:3   | Acquired Makhleb's fourth power
  6888 | Lair:3   | Reached skill level 5 in Armour
  7178 | Lair:6   | Found a viscous altar of Jiyva.
  7179 | Lair:6   | Found a staircase to the Slime Pits.
  7231 | Lair:6   | Found a glowing golden altar of the Shining One.
  7272 | Lair:6   | Noticed a death yak
  7272 | Lair:6   | Noticed a death yak
  7273 | Lair:6   | Noticed a death yak
  7273 | Lair:6   | Noticed a death yak
  7275 | Lair:6   | Noticed a death yak
  7586 | Lair:5   | Acquired Makhleb's fifth power
  7606 | Lair:5   | Found a staircase to the Snake Pit.
  7842 | Lair:5   | Reached skill level 5 in Evocations
  8079 | Lair:4   | Gained mutation: You have sharp toenails. [helix card]
  8080 | Lair:4   | Gained mutation: Potions and wands are less effective at restoring your health. [helix card]
  8087 | Lair:4   | Gained mutation: You are partially covered in molten scales (AC +1). [potion of mutation]
  8087 | Lair:4   | Gained mutation: You are resistant to hostile enchantments. [potion of mutation]
  8109 | Lair:4   | Reached XP level 12. HP: 89/89 MP: 20/20
  8338 | Snake:1  | Entered Level 1 of the Snake Pit
  8582 | Lair:6   | Reached skill level 14 in Axes
  8801 | Lair:7   | Noticed McCoppin's ghost (powerful TrMo)
  8816 | Lair:8   | Entered Level 8 of the Lair of Beasts
  8826 | Lair:8   | Reached skill level 5 in Invocations
  9542 | Lair:8   | Slain by a death yak

Action                   |  1- 3 |  4- 6 |  7- 9 | 10-12 || total
-------------------------+-------+-------+-------+-------++-------
Melee: War axe           |    75 |   164 |   514 |    83 ||   836
       Broad axe         |       |       |       |   584 ||   584
 Fire: Blowgun           |       |       |       |    13 ||    13
Throw: Throwing net      |       |       |     2 |     1 ||     3
Invok: Lesser Servant of |       |       |       |     4 ||     4
 Abil: Evoke Invisibilit |       |       |     5 |     1 ||     6
Evoke: Wand              |       |       |       |     3 ||     3
       Deck              |       |       |       |    11 ||    11
  Use: Potion            |     1 |       |     7 |     5 ||    13
       Scroll            |       |     5 |    12 |    14 ||    31
 Stab: Invisible         |       |       |     9 |       ||     9
       Held in net/web   |       |       |     1 |       ||     1
       Distracted        |       |       |       |     2 ||     2
  Eat: Corpse            |     8 |     8 |    24 |    17 ||    57
